 Dungeon Crawl Stone Soup version 0.29-a0-330-g52719c12eb (webtiles) character file.

Game seed: 12984158701665514199

833 Armakuni the Twirler (level 8, -2/62 HPs)
             Began as a Human Delver on May 27, 2022.
             Slain by a steam dragon (8 damage)
             ... on level 5 of the Dungeon.
             The game lasted 00:10:33 (5428 turns).

Armakuni the Twirler (Human Delver)                 Turns: 5428, Time: 00:10:33

Health: -2/62      AC:  8    Str: 13    XL:     8   Next: 18%
Magic:  8/8        EV: 12    Int: 22    God:
Gold:   290        SH:  0    Dex: 20    Spells: 4/7 levels left

rFire   . . .      SeeInvis .   b - +5 falchion of Xuasiu {venom, *Slow Int+9 Dex+6}
rCold   . . .      Faith    .   (no shield)
rNeg    . . .      Spirit   .   l - +0 leather armour
rPois   +          Reflect  .   p - +0 helmet
rElec   .          Harm     .   (no cloak)
rCorr   .          Rampage  .   (no gloves)
Will    .....                   (no boots)
Stlth   +++.......              (no amulet)
HPRegen 0.20/turn               P - ring of poison resistance
MPRegen 0.11/turn               A - +4 ring of protection

@: slowed, very slow
A: hooves 1, wild magic 1
a: no special abilities


You were on level 5 of the Dungeon.
You visited 1 branch of the dungeon, and saw 7 of its levels.

You collected 290 gold pieces.

Inventory:

Hand Weapons
 a - a +0 quarterstaff
 b - the +5 falchion of Xuasiu (weapon) {venom, *Slow Int+9 Dex+6}
   (You found it on level 4 of the Dungeon)

   It poisons the flesh of those it strikes.
   Int:       It affects your intelligence (+9).
   Dex:       It affects your dexterity (+6).
   *Slow:     It may slow you when you take damage.
Missiles
 j - 15 poisoned darts (quivered)
 s - 2 throwing nets
Armour
 l - a +0 leather armour (worn)
 m - a +0 hat
 p - a +0 helmet (worn)
Magical Staves
 o - a staff of air
Jewellery
 A - a +4 ring of protection (right hand)
 P - a ring of poison resistance (left hand)
Wands
 g - a wand of digging (3)
 k - a wand of polymorph (18)
 u - a wand of iceblast (4)
Scrolls
 c - 5 scrolls of fog
 e - 2 scrolls of fear
 n - a scroll of holy word {unknown}
 v - 2 scrolls of identify
 x - 2 scrolls of magic mapping
Potions
 d - 2 potions of mutation
 f - 2 potions of haste
 h - a potion of flight
 i - a potion of heal wounds
 q - a potion of lignification {unknown}
 r - a potion of brilliance
 t - a potion of resistance {unknown}


   Skills:
 - Level 5.0 Fighting
 + Level 5.2 Long Blades
 - Level 2.0(3.9) Maces & Flails
 - Level 5.2(5.4) Staves
 - Level 2.0 Dodging
 - Level 5.0 Stealth


You had 4 spell levels left.
You knew the following spells:

 Your Spells              Type           Power      Damage    Failure   Level
m - Mephitic Cloud        Conj/Pois/Air  0%         N/A       63%         3

Your spell library contained the following spells:

 Spells                   Type           Power      Damage    Failure   Level
 Magic Dart               Conj           0%         1d3       30%         1
 Call Imp                 Summ           0%         N/A       41%         2
 Freezing Cloud           Conj/Ice/Air   0%         6-21      100%        5
 Simulacrum               Ice/Necr       0%         N/A       100%        6
 Polar Vortex             Ice            0%         N/A       100%        9


Dungeon Overview and Level Annotations

Branches:
Dungeon (7/15)
 Temple: D:4-7

Altars:
Hepliaklqana


Innate Abilities, Weirdness & Mutations

You have large cloven feet.
Your spells are a little harder to cast, but a little more powerful.


Message History

The steam dragon hisses angrily.
You hear an angry hiss.
A steam dragon comes into view.
The steam dragon breathes steam at you.
The ball of steam hits the fungus!!
The fungus begins to die.
The ball of steam hits you!
The fungus is engulfed in a cloud of scalding steam.
You hit the steam dragon.
The steam dragon is poisoned.
The steam dragon is lightly wounded.
You are engulfed in a cloud of scalding steam.
You feel yourself slow down.
The fungus is engulfed in a cloud of scalding steam. x2
The fungus begins to die.
The steam dragon breathes steam at you.
The ball of steam hits the fungus!
The ball of steam hits the fungus!!
The fungus begins to die.
The ball of steam misses you.
The ball of steam hits the fungus!!
The fungus begins to die.
The steam dragon breathes steam at you.
The ball of steam hits you but does no damage.
You closely miss the steam dragon.
You kick the steam dragon, but do no damage.
The steam dragon is moderately wounded.
You are engulfed in a cloud of scalding steam.
The fungus is engulfed in a cloud of scalding steam. x3
The steam dragon closely misses you. The steam dragon claws you.
You barely miss the steam dragon. Your kick misses the steam dragon.
The steam dragon is moderately wounded.
The fungus is engulfed in a cloud of scalding steam.
A nearby fungus withers and dies. x3
The fungus is engulfed in a cloud of scalding steam.
A nearby fungus withers and dies.
The steam dragon bites you.
The steam dragon claws you but does no damage.
The steam dragon bites you but does no damage.
The steam dragon closely misses you.
You barely miss the steam dragon. You kick the steam dragon.
The steam dragon is heavily wounded.
The steam dragon breathes steam at you. The ball of steam hits you!!
* * * LOW HITPOINT WARNING * * *
The steam dragon bites you!
You die...

.....>..#...)#*,≈≈###......#.....
#+###'###...##≈...^P#......###'##
..#....##...#^P....≈##...........
..'.........#≈P....^.######......
..#######...#≈......P#....'......
#####..##...##....≈^##....#......
.............##....P#.....#####'#
.......##....#*#DD≈######'##.....
...^...#####'###@..#.......#.....
..............##§..#.......######
..###..##.....##§.≈#...........[.
..###..##.....##..≈#.............
.......#......##≈..#.............
.......#......##P.##.............
.......##...####..#..............
..###..##+### ##P.#.#####'###....
..###))##...# #P.≈#.#...#...#....


You could see 2 steam dragons.

Vanquished Creatures
  An ice beast (D:5)
  A sky beast (D:5)
  2 phantoms
  A jelly (D:5)
  An orc priest (D:3)
  4 hounds
  Jessica (D:3)
  Ijyb (D:5)
  Terence (D:2)
  An iguana (D:2)
  An orc wizard (D:5)
  Robin (D:2)
  4 gnolls
  5 adders
  3 worms
  3 dart slugs
  7 orcs
  5 endoplasms
  3 giant cockroaches
  13 goblins
  5 hobgoblins
  7 jackals
  3 kobolds
  5 quokkas
  9 ball pythons
  4 bats
  3 frilled lizards
  7 rats
102 creatures vanquished.

Vanquished Creatures (others)
  4 fungi (D:5)
4 creatures vanquished.

Grand Total: 106 creatures vanquished

Notes
Turn   | Place    | Note
-------+----------+-------------------------------------------
     0 | D:5      | Armakuni the Human Delver began the quest for the Orb.
     0 | D:5      | Reached XP level 1. HP: 18/18 MP: 1/1
    58 | D:6      | Noticed an orc wizard
    58 | D:6      | Noticed an orc priest
    83 | D:7      | Noticed an ogre
    87 | D:6      | Noticed a troll
   195 | D:5      | Noticed a jelly
   317 | D:5      | Noticed a water moccasin
   329 | D:6      | Noticed a gnoll shaman
   329 | D:6      | Noticed a water moccasin
   362 | D:4      | Noticed Ijyb
   370 | D:5      | Killed Ijyb
   371 | D:5      | Reached skill level 1 in Staves
   371 | D:5      | Reached XP level 2. HP: 24/24 MP: 2/2
   371 | D:5      | Reached XP level 3. HP: 29/29 MP: 3/3
   460 | D:3      | Noticed a phantom
   480 | D:3      | Killed a phantom
   481 | D:3      | Reached XP level 4. HP: 21/38 MP: 4/4
   481 | D:3      | Reached XP level 5. HP: 24/43 MP: 5/5
   917 | D:2      | Gained mutation: You have large cloven feet. [potion of
                  | mutation]
   917 | D:2      | Gained mutation: Your spells are a little harder to cast,
                  | but a little more powerful. [potion of mutation]
  2206 | D:2      | Reached XP level 6. HP: 50/50 MP: 6/6
  2452 | D:2      | Noticed Robin
  2452 | D:2      | Noticed Terence
  2491 | D:2      | Killed Terence
  2492 | D:2      | Reached skill level 5 in Fighting
  2511 | D:2      | Killed Robin
  3237 | D:3      | Noticed Jessica
  3239 | D:3      | Killed Jessica
  3582 | D:3      | Reached skill level 5 in Staves
  3852 | D:4      | Identified the +5 falchion of Xuasiu {venom, *Slow Int+9
                  | Dex+6}
  3859 | D:4      | Reached XP level 7. HP: 56/56 MP: 7/7
  3871 | D:4      | Learned a level 3 spell: Mephitic Cloud
  3931 | D:3      | Reached skill level 1 in Long Blades
  4253 | D:4      | Found a hazy altar of Hepliaklqana.
  4858 | D:5      | Reached XP level 8. HP: 18/62 MP: 8/8
  5227 | D:5      | Reached skill level 5 in Long Blades
  5428 | D:5      | Slain by a steam dragon

Illustrated notes

Levels and vault maps discovered:
D:1:      lemuel_arrival_cross, layout_loops_cross, serial_aquarium,
          aquarium_bridge_long_separate [aquarium_subvault_window,
          aquarium_subvault_bridge, aquarium_subvault_wall,
          aquarium_subvault_window, aquarium_subvault_wall,
          aquarium_subvault_bridge], aquarium_window_fake,
          aquarium_window_corner, aquarium_view_2c
D:2:      layout_basic, uniq_robin, uniq_terence
D:3:      layout_loops_corners, uniq_jessica
D:4:      layout_loops_ring, mainiacjoe_overflow_paths, uniq_ijyb
D:5:      kennysheep_steamy, layout_gridville, serial_bayou,
          serial_bayou_lake_a, serial_bayou_pond_d, serial_bayou_shore_b,
          serial_bayou_shore_b
D:6:      layout_cave_pools, uniq_prince_ribbit1
D:7:      corexii_shack_village, layout_basic,
          minmay_temple_entry_gardened_gates

Skill      XL: |  1  2  3  4  5  6  7  8 |
---------------+-------------------------+-----
Staves         | 1 2 3 5 |  5.2
Fighting       | 4 5 |  5.0
Long Blades    | 4 5 |  5.2
Maces & Flails | |  2.0
Dodging        | |  2.0
Stealth        | |  5.0

Action                   |  1- 3 |  4- 6 |  7- 9 || total
-------------------------+-------+-------+-------++-------
Melee: Unarmed           |     9 |       |       ||     9
       Mace              |    12 |    52 |       ||    64
       Quarterstaff      |       |   163 |       ||   163
       Kick              |       |    43 |    15 ||    58
       Falchion          |       |       |    56 ||    56
Throw: Dart              |       |     2 |       ||     2
  Use: Scroll            |     2 |     6 |     1 ||     9
       Potion            |     3 |     3 |       ||     6
 Stab: Sleeping          |       |    21 |     3 ||    24
Armor: Skin              |     4 |       |       ||     4
       Leather armour    |     1 |    61 |    22 ||    84
Dodge: Dodged            |    12 |   115 |    28 ||   155

Table legend: (Time is in decaauts)
 A = Elapsed time spent in this place.
 B = Non-inter-level travel time spent in this place.
 C = Inter-level travel time spent in this place.
 D = Time resting spent in this place.
 E = Time spent auto-exploring this place.
 F = Levels seen in this place.
 G = Mean time per level.
                   A        B        C        D        E       F      G
               +--------+--------+--------+--------+--------+-----+--------+
         Total |   5483 |   5343 |    140 |    992 |   3107 |   7 |  783.3 |
       Dungeon |   5483 |   5343 |    140 |    992 |   3107 |   7 |  783.3 |
               +--------+--------+--------+--------+--------+-----+--------+

Top non-repeatable levels by time:
     D:2: 1349 daAuts
     D:3: 1278 daAuts
     D:5: 1010 daAuts
     D:4: 900 daAuts
     D:1: 861 daAuts
     D:7: 54 daAuts
     D:6: 29 daAuts
